 Dungeon Sprint DCSS version 0.19.4-10-g532645f (webtiles) character file.

1640 equalderp2856 the Ripper (level 8, -4/42 HPs)
             Began as a Felid Fighter on Feb 24, 2017.
             Was an Initiate of Gozag.
             Slain by a seven-headed hydra (18 damage)
             ... in the Dungeon (Sprint VII: "The Pits").
             The game lasted 00:06:45 (1626 turns).

equalderp2856 the Ripper (Felid Fighter)            Turns: 1626, Time: 00:06:45

Health: -4/42      AC:  2    Str: 13    XL:     8   Next: 66%
Magic:  9/9        EV: 29    Int:  9    God:    Gozag
Gold:   1746       SH:  0    Dex: 17    Spells: 0 memorised, 7 levels left
                                        Lives:  0   Deaths: 2

rFire  . . .     SeeInvis +       - Unarmed
rCold  . . .     Gourm    .     (armour unavailable)
rNeg   . . .     Faith    .     (shield unavailable)
rPois  .         Spirit   .     (helmet unavailable)
rElec  .         Reflect  .     (cloak unavailable)
rCorr  .         Harm     .     (gloves unavailable)
MR     +....     NoTele   +     (boots unavailable)
Stlth  ++++......               (no amulet)
                                (no ring)
                                (no ring)

@: mesmerised, quick
A: no armour, no weapons or thrown items, stealth, claws 1, fangs 3, see
invisible, carnivore 3, speed 1, shaggy fur 2, slow metabolism 1, sharp paws
a: Potion Petition, Call Merchant, Bribe Branch, Renounce Religion


You were in the Dungeon.
You worshipped Gozag.
Gozag was most pleased with you.
You were not hungry.

You visited 1 branch You collected 1746 gold pieces.

Inventory:

Jewellery
 m - a +3 ring of intelligence
 n - a +3 ring of protection
Scrolls
 h - a scroll of blinking
 j - 3 scrolls of remove curse
 k - 5 scrolls of amnesia
 l - a scroll of summoning
Potions
 a - a potion of might
 c - a potion of curing
 d - 6 potions of heal wounds
 e - a potion of haste
 f - 4 potions of magic
 g - 3 potions of berserk rage
 i - 2 potions of invisibility
 o - a potion of agility
Comestibles
 b - 8 meat rations


   Skills:
 + Level 9.1 Fighting
 + Level 13.2 Dodging
 + Level 6.8 Stealth
 + Level 15.2 Unarmed Combat


You had 7 spell levels left.
You didn't know any spells.

Dungeon Overview and Level Annotations

Branches:
Dungeon (1/1)

Altars:
Ashenzari
Cheibriados
Dithmenos
Elyvilon
Fedhas
Gozag
Hepliaklqana
Kikubaaqudgha
Makhleb
Nemelex Xobeh
Okawaru
Qazlal
Ru
Sif Muna
Trog
Uskayaw
Vehumet
Xom
Yredelemnul
Zin
The Shining One
Beogh
Jiyva
Lugonu


Innate Abilities, Weirdness & Mutations

You cannot wear armour.
You are incapable of wielding weapons or throwing items.
Your paws allow you to move quietly. (Stealth)
You have sharp claws.
You have razor-sharp teeth.
You have supernaturally acute eyesight. (SInv)
You are carnivorous and can eat meat at any time.
You cover ground quickly.
You are covered in thick fur. (AC +2)
You have a slow metabolism.
Your sharp claws are effective at attacking unaware monsters.


Message History

The seven-headed hydra bites you!! The seven-headed hydra bites you!
* * * LOW HITPOINT WARNING * * *
The seven-headed hydra closely misses you.
The merfolk avatar chants its luring song.
You feel much better. The seven-headed hydra bites you!
The seven-headed hydra closely misses you.
The seven-headed hydra barely misses you.
The seven-headed hydra closely misses you.
The seven-headed hydra barely misses you.
The seven-headed hydra completely misses you. x2
The merfolk avatar chants its luring song.
Unknown command.
You cannot move away from the merfolk avatar!
You cannot move away from the merfolk avatar!
You cannot move away from the merfolk avatar!
You mangle the seven-headed hydra!! You claw the seven-headed hydra!
The seven-headed hydra is almost dead.
The seven-headed hydra bites you. The seven-headed hydra bites you!!
You die...
Your body crumbles into a pile of gold.

....##..# <...##..####
#+# ....##..#..#####.##
....##..#....##...#
....##..'.....#...#
######..'(....'...+
######..'()...#...#
..[[##..#....##...#
..[[##..#(.#####@##
..))##..####..m#D######.
..))##..##......m..h....
..))##..#..............#
########################


You could see a merfolk avatar and a seven-headed hydra.

Vanquished Creatures
  Sonja (D)
  A black mamba (D)
  An orange demon (D)
  A demonic crawler (D)
  A spriggan (D)
  A warg (D)
  An eye of draining (D)
  A floating eye (D)
  A necrophage (D)
  An ogre (D)
  A wolf (D)
  A centaur (D)
  An orc priest (D)
  A worker ant (D)
  A gnoll (D)
  A river rat (D)
  3 white imps (D)
  2 giant cockroaches (D)
  A goblin (D)
  3 hobgoblins (D)
  A frilled lizard (D)
  2 kobolds (D)
  A rat (D)
29 creatures vanquished.

Notes
Turn   | Place    | Note
-------+----------+-------------------------------------------
     0 | D        | equalderp2856 the Felid Fighter began the quest for the Orb.
     0 | D        | Reached XP level 1. HP: 10/10 MP: 2/2
    22 | D        | Reached skill level 5 in Unarmed Combat
    22 | D        | Reached XP level 2. HP: 5/14 MP: 3/3
   252 | D        | Found a radiant altar of Vehumet.
   252 | D        | Found a hide-covered altar of Uskayaw.
   252 | D        | Found an ancient bone altar of Kikubaaqudgha.
   252 | D        | Found a viscous altar of Jiyva.
   252 | D        | Found a hazy altar of Hepliaklqana.
   253 | D        | Found a bloodstained altar of Trog.
   253 | D        | Found a deep blue altar of Sif Muna.
   253 | D        | Found a sacrificial altar of Ru.
   253 | D        | Found a stormy altar of Qazlal.
   253 | D        | Found an iron altar of Okawaru.
   253 | D        | Found a sparkling altar of Nemelex Xobeh.
   253 | D        | Found an opulent altar of Gozag.
   253 | D        | Found a blossoming altar of Fedhas.
   253 | D        | Found a white marble altar of Elyvilon.
   253 | D        | Found a shadowy altar of Dithmenos.
   253 | D        | Found a snail-covered altar of Cheibriados.
   254 | D        | Found a glowing golden altar of the Shining One.
   254 | D        | Found a glowing silver altar of Zin.
   256 | D        | Found a roughly hewn altar of Beogh.
   256 | D        | Found a burning altar of Makhleb.
   256 | D        | Found a basalt altar of Yredelemnul.
   257 | D        | Found a shattered altar of Ashenzari.
   257 | D        | Found a corrupted altar of Lugonu.
   257 | D        | Found a shimmering altar of Xom.
   259 | D        | Became a worshipper of Gozag Ym Sagoz the Greedy
   503 | D        | Reached skill level 5 in Dodging
   503 | D        | Reached skill level 6 in Unarmed Combat
   503 | D        | Reached XP level 3. HP: 12/18 MP: 4/4
   685 | D        | Noticed a porcupine
   859 | D        | Reached skill level 1 in Stealth
   867 | D        | Noticed a necrophage
   870 | D        | Reached skill level 7 in Unarmed Combat
   879 | D        | Killed a necrophage
   879 | D        | Reached skill level 5 in Fighting
   879 | D        | Reached skill level 8 in Unarmed Combat
   879 | D        | Reached XP level 4. HP: 23/23 MP: 5/5
   879 | D        | Reached XP level 5. HP: 26/26 MP: 6/6
   910 | D        | Reached skill level 9 in Unarmed Combat
   913 | D        | Noticed an eye of draining
   922 | D        | Killed an eye of draining
   922 | D        | Reached skill level 10 in Unarmed Combat
   922 | D        | Gained mutation: You are covered in thick fur. (AC +2) [Felid growth]
   922 | D        | Reached XP level 6. HP: 20/31 MP: 3/7
   968 | D        | Reached skill level 11 in Unarmed Combat
  1165 | D        | Noticed a demonic crawler
  1165 | D        | Noticed a floating eye
  1174 | D        | Reached XP level 7. HP: 35/35 MP: 8/8
  1188 | D        | Paralysed by a floating eye for 4 turns
  1188 | D        | Slain by a demonic crawler
  1189 | D        | Reached XP level 6. HP: -3/31 MP: 7/7
  1193 | D        | Killed a demonic crawler
  1193 | D        | Reached skill level 10 in Dodging
  1193 | D        | Reached skill level 12 in Unarmed Combat
  1193 | D        | Reached XP level 7. HP: 36/36 MP: 8/8
  1197 | D        | Reached skill level 13 in Unarmed Combat
  1334 | D        | Noticed a flayed ghost
  1361 | D        | Noticed a spriggan
  1361 | D        | Noticed Sonja
  1369 | D        | Killed a spriggan
  1369 | D        | Reached skill level 5 in Stealth
  1390 | D        | Slain by Sonja
  1391 | D        | Reached XP level 6. HP: -1/33 MP: 7/7
  1475 | D        | Killed Sonja
  1475 | D        | Reached skill level 14 in Unarmed Combat
  1475 | D        | Reached XP level 7. HP: 24/37 MP: 8/8
  1596 | D        | Noticed a seven-headed hydra
  1597 | D        | Noticed an orange demon
  1597 | D        | Noticed a black mamba
  1597 | D        | Noticed a merfolk avatar
  1605 | D        | Killed a black mamba
  1605 | D        | Reached XP level 8. HP: 42/42 MP: 9/9
  1621 | D        | Killed an orange demon
  1621 | D        | Reached skill level 15 in Unarmed Combat
  1626 | D        | Slain by a seven-headed hydra

Skill      XL: |  1  2  3  4  5  6  7  8 |
---------------+-------------------------+-----
Unarmed Combat | 5 6 8 10 14 13 15 | 15.2
Fighting       | 4 5 6 7 8 9 |  9.1
Dodging        | 5 7 8 12 11 13 | 13.2
Stealth        | 1 2 6 5 |  6.8

Action                   |  1- 3 |  4- 6 |  7- 9 || total
-------------------------+-------+-------+-------++-------
Melee: Unarmed           |    47 |    48 |    52 ||   147
       Bite              |     4 |     4 |     5 ||    13
       Punch             |     1 |     4 |     3 ||     8
  Use: Potion            |     1 |     4 |    11 ||    16
 Stab: Sleeping          |     1 |       |       ||     1
Armor: Skin              |     1 |       |     2 ||     3
Dodge: Dodged            |    35 |    46 |   136 ||   217
